 Dungeon Crawl Stone Soup version 0.27.1-33-g824d729ab1 (webtiles) character file.

Game seed: 7609215738062512096

17032 unlimited1921 the Arsonist (level 12, -14/97 (106) HPs)
             Began as a Hill Orc Fire Elementalist on Dec 5, 2021.
             Was an Initiate of Ashenzari.
             Killed from afar by Nergalle (25 damage)
             ... with a bolt of negative energy
             ... on level 3 of the Lair of Beasts.
             The game lasted 02:31:49 (19422 turns).

unlimited1921 the Arsonist (HOFE)                  Turns: 19422, Time: 02:31:49

HP:   -14/97 (106)  AC:  8    Str: 18    XL:     12   Next: 43%
MP:   15/20         EV: 13    Int: 24    God:    Ashenzari [......]
Gold: 1413          SH:  0    Dex: 11    Spells: 7/22 levels left

rFire    + . .     SeeInvis .   f - +4 hunting sling "Spiderbane" {venom, Str+2 Int+4}
rCold    + . .     Faith    .   (no shield)
rNeg     . . .     Spirit   .   H - +1 leather armour {rC+}
rPois    .         Reflect  .   (no helmet)
rElec    .         Harm     .   (no cloak)
rCorr    .         Rampage  .   B - +1 pair of gloves
Will     .....                  J - +0 pair of boots
Stlth    ++........             v - amulet of magic regeneration
HPRegen  0.26/turn              q - ring of flight
MPRegen  0.42/turn              d - ring of the Scarab {rF+ Int+5}

@: flying, drained
A: no striking features
a: Renounce Religion, Curse Item


You were on level 3 of the Lair of Beasts.
You worshipped Ashenzari.
Ashenzari was noncommittal.
You visited 3 branches of the dungeon, and saw 13 of its levels.

You collected 1413 gold pieces.

Inventory:

Hand Weapons
 a - a +1 flail of holy wrath
 f - the +4 hunting sling "Spiderbane" (weapon) {venom, Str+2 Int+4}
   (You found it on level 1 of the Dungeon)

   Any ammunition fired from it poisons the flesh of those it strikes.
   Str:       It affects your strength (+2).
   Int:       It affects your intelligence (+4).
 F - a +0 arbalest of venom
 L - a +4 mace
 P - a +2 scimitar of flaming
 T - a +0 war axe
 Y - a +0 trident of pain
Missiles
 e - 49 sling bullets (quivered ammo)
 g - 440 stones
 m - 204 arrows
 s - 19 boomerangs
 t - 35 poisoned darts
 O - 18 bolts
 V - 5 atropa-tipped darts
 X - 3 boomerangs of dispersal
Armour
 b - a +1 leather armour
 k - a +2 robe of cold resistance
 o - a +0 plate armour
 B - a +1 pair of gloves (worn)
 H - a +1 leather armour of cold resistance (worn)
 I - a +2 leather armour of fire resistance
 J - a +0 pair of boots (worn)
 Q - a +0 robe of willpower
 W - a +0 buckler
Jewellery
 d - the ring of the Scarab (right hand) {rF+ Int+5}
   (You acquired it on level 9 of the Dungeon)

   [ring of protection from fire]

   Int:       It affects your intelligence (+5).
   rF:        It protects you from fire.
 q - a ring of flight (left hand)
 v - an amulet of magic regeneration (around neck)
Wands
 z - a wand of flame (10)
 E - a wand of charming (4)
Scrolls
 c - 6 scrolls of enchant armour
 i - 3 scrolls of enchant weapon
 r - 4 scrolls of immolation
 u - 3 scrolls of amnesia
 w - a scroll of magic mapping
 y - 2 scrolls of vulnerability
 A - 8 scrolls of identify
 G - a scroll of fog
 K - a scroll of silence
 N - 2 scrolls of brand weapon
 R - 2 scrolls of teleportation
Potions
 h - a potion of brilliance
 j - a potion of cancellation
 l - 2 potions of haste
 C - a potion of magic
 D - 2 potions of lignification
 M - a potion of ambrosia
 S - a potion of mutation
 U - a potion of invisibility
Miscellaneous
 Z - a phantom mirror (quivered)


   Skills:
 * Level 9.7 Fighting
 + Level 6.7 Slings
 * Level 6.7 Armour
 * Level 4.5 Dodging
 - Level 2.4 Stealth
 - Level 5.5 Spellcasting
 - Level 3.0 Conjurations
 * Level 7.2 Hexes
 + Level 11.5 Fire Magic


You had 7 spell levels left.
You knew the following spells:

 Your Spells              Type           Power      Damage    Failure   Level
a - Foxfire               Conj/Fire      100%       2x1d9     1%          1
b - Inner Flame           Hex/Fire       51%        N/A       1%          3
c - Slow                  Hex            41%        N/A       1%          2
d - Conjure Flame         Conj/Fire      41%        6-21      1%          3
e - Confusing Touch       Hex            41%        N/A       1%          3
f - Tukima's Dance        Hex            41%        N/A       1%          3

Your spell library contained the following spells:

 Spells                   Type           Power      Damage    Failure   Level
 Sticky Flame             Conj/Fire      41%        2d6       4%          4
 Sandblast                Erth           12%        2d6       10%         1
 Fireball                 Conj/Fire      20%        3d10      13%         5
 Passwall                 Tmut/Erth      5%         N/A       14%         2
 Stone Arrow              Conj/Erth      28%        3d8       16%         3
 Vampiric Draining        Necr           3%         2d6       28%         3
 Bolt of Magma            Conj/Fire/Erth 15%        4d9       34%         5
 Metabolic Englaciation   Hex/Ice        11%        N/A       52%         5
 Yara's Violent Unravell  Hex/Tmut       11%        3d6       52%         5
 Passage of Golubria      Tloc           N/A        N/A       67%         4
 Petrify                  Tmut/Erth      6%         N/A       67%         4
 Lee's Rapid Deconstruct  Erth           3%         3d6*      95%         5
 Statue Form              Tmut/Erth      4%         N/A       100%        6
 Shatter                  Erth           3%         3d7*      100%        9


Dungeon Overview and Level Annotations

Branches:
Dungeon (9/15)             Temple (1/1) D:6            Lair (3/6) D:9
 Shoals (0/4) Lair:2
  Snake: Lair:2-4    Spider: Lair:2-4       Orc: D:9-12

Altars:
Ashenzari
Cheibriados
Dithmenos
Elyvilon
Fedhas
Gozag
Hepliaklqana
Kikubaaqudgha
Makhleb
Nemelex Xobeh
Okawaru
Qazlal
Ru
Sif Muna
Trog
Uskayaw
Vehumet
Wu Jian
Xom
Yredelemnul
Zin
The Shining One

Annotations:
D:4 2 transporters, unlimited1921's ghost, novice DjFE
Lair:3 Nergalle


Message History

Your seven-headed hydra bites the spectral orc knight but does no damage.
Your seven-headed hydra bites the spectral orc knight.
Your seven-headed hydra bites the spectral orc knight but does no damage.
Your seven-headed hydra bites the spectral orc knight!
Your water moccasin barely misses Nergalle.
The spectral orc knight hits you with a +0 great mace.
* * * LOW HITPOINT WARNING * * *
You feel drained.
Your black bear bites the spectral orc knight but does no damage.
Your black bear claws the spectral orc knight but does no damage. x2
The spectral orc warrior hits your black bear but does no damage.
The spectral orc knight barely misses your seven-headed hydra.
The spectral orc knight hits your black bear with a +1 broad axe.
Your water moccasin completely misses Nergalle.
Your seven-headed hydra bites the spectral orc knight but does no damage. x2
Your seven-headed hydra bites the spectral orc knight.
Your seven-headed hydra bites the spectral orc knight but does no damage.
Your seven-headed hydra bites the spectral orc knight.
Your seven-headed hydra bites the spectral orc knight! x2
Casting: Foxfire (safe; 1% risk of failure)
Confirm with . or Enter, or press ? or * to list all spells.
You conjure some foxfire!
The spectral orc knight hits your seven-headed hydra with a +1 broad axe.
The spectral orc knight chops one of your seven-headed hydra's heads off!
Your six-headed hydra grows two more!
The spectral orc knight barely misses your black bear.
Your water moccasin bites the spectral orc warrior but does no damage.
Your black bear bites the spectral orc!
The spectral orc is destroyed!
The spectral orc disappears in a puff of smoke!
The spectral orc knight hits you with a +0 great mace.
* * * LOW HITPOINT WARNING * * *
The spectral orc warrior hits your black bear with a +0 short sword.
Nergalle gestures at you while chanting.
The bolt of negative energy hits the spectral orc warrior.
The spectral orc warrior completely resists.
The bolt of negative energy hits the spectral orc knight.
The spectral orc knight completely resists.
The bolt of negative energy hits you!!
You feel drained.
You die...

#........#..♣≈♣.≈≈≈≈...
#†..†...#...≈≈≈≈≈≈.≈≈..
###........#.≈≈≈≈≈.♣≈≈.#
#...........o≈....≈.♣..#
....##.......♣.≈.≈.≈.≈≈≈
...####P.#.SZZ♣≈≈≈≈.#.≈P
.#. #####..h§l..≈####
..# ##.ZDZ#v.# .#
##..#@..# . ##..v.##
#....# #....## ####..
##.# . P.


You could see Nergalle (ally target), 2 spectral orc warriors, 2 spectral orc
knights, a wyvern, a friendly eight-headed hydra (summoned), a friendly water
moccasin (summoned, drained) and a friendly black bear (summoned).

Vanquished Creatures
  Fannar (Lair:1)
  2 hydras
  A two-headed ogre (D:9)
  Erica (D:8)
  A manticore (Lair:2)
  A black mamba (Lair:1)
  Joseph (Lair:1)
  2 cane toads
  4 komodo dragons
  A rime drake (Lair:3)
  A troll (D:9)
  A wind drake (Lair:2)
  Prince Ribbit (D:7)
  A hornet (D:8)
  5 blink frogs (Lair:3)
  Eustachio (D:5)
  23 yaks
  4 basilisks
  Grum (Lair:1)
  A human (D:5)
  A steam dragon (D:9)
  2 water moccasins (Lair:1)
  4 orc warriors
  A sky beast (D:4)
  3 black bears
  2 necrophages
  2 hornet zombies
  3 centaurs
  11 wolves
  A phantom (D:5)
  2 kobold brigands (D:8)
  10 bullfrogs
  A gnoll sergeant (D:8)
  2 scorpions
  3 wights (D:7)
  2 howler monkeys
  A centaur zombie (D:7)
  A hound (D:5)
  2 jellies
  A gnoll shaman (D:8)
  5 orc priests
  2 centaur skeletons
  2 iguanas
  10 orc wizards
  A killer bee zombie (D:8)
  11 gnolls
  A howler monkey skeleton (D:4)
  8 adders
  A shadow imp (D:8)
  A white imp (D:5)
  4 dart slugs (D:1)
  27 orcs
  7 ball pythons
  3 bats
  8 endoplasms
  4 giant cockroaches
  10 goblins
  5 hobgoblins
  2 quokkas (D:1)
  5 frilled lizards
  A goblin skeleton (D:5)
  A goblin zombie (D:5)
  17 kobolds
  4 rats
249 creatures vanquished.

Vanquished Creatures (collateral kills)
  3 foxfires (D:9)
3 creatures vanquished.

Vanquished Creatures (others)
  An orc warrior (D:8)
  A bush (Lair:1)
  534 foxfires
  23 fungi
  26 plants
585 creatures vanquished.

Grand Total: 837 creatures vanquished

Notes
Turn   | Place    | Note
-------+----------+-------------------------------------------
     0 | D:1      | unlimited1921 the Hill Orc Fire Elementalist began the
                  | quest for the Orb.
     0 | D:1      | Reached XP level 1. HP: 14/14 MP: 3/3
   429 | D:1      | Reached XP level 2. HP: 22/22 MP: 1/4
   515 | D:1      | Found a faded altar of an unknown god.
   518 | D:1      | Identified the +4 hunting sling "Spiderbane" {venom, Str+2
                  | Int+4}
   951 | D:1      | Reached skill level 1 in Fighting
   972 | D:1      | Reached XP level 3. HP: 28/28 MP: 5/5
  1501 | D:2      | Found a snail-covered altar of Cheibriados.
  2020 | D:2      | Reached skill level 1 in Armour
  2281 | D:2      | Learned a level 3 spell: Inner Flame
  2434 | D:2      | Identified 2 scrolls of acquirement
  2717 | D:3      | Reached skill level 1 in Slings
  2717 | D:3      | Reached XP level 4. HP: 35/35 MP: 2/6
  2978 | D:3      | Noticed a scorpion
  2987 | D:3      | Killed a scorpion
  2988 | D:3      | Reached skill level 4 in Fire Magic
  2988 | D:3      | Reached XP level 5. HP: 16/42 MP: 2/7
  3521 | D:3      | Learned a level 2 spell: Slow
  3849 | D:4      | Noticed a necrophage
  3867 | D:4      | Killed a necrophage
  3868 | D:4      | Reached skill level 1 in Hexes
  3868 | D:4      | Reached XP level 6. HP: 44/50 MP: 5/9
  4529 | D:4      | Noticed a sky beast
  4541 | D:4      | Killed a sky beast
  4816 | D:4      | Found a shimmering altar of Xom.
  4819 | D:4      | Found an ornate altar of the Wu Jian Council.
  4819 | D:4      | Found a shimmering altar of Xom.
  4821 | D:4      | Found an opulent altar of Gozag.
  4821 | D:4      | Found a glowing silver altar of Zin.
  4821 | D:4      | Found a stormy altar of Qazlal.
  4938 | D:4      | Reached XP level 7. HP: 57/57 MP: 10/10
  5045 | D:4      | Found a transporter.
  5045 | D:4      | Noticed unlimited1921's ghost (novice DjFE)
  5071 | D:4      | Found a transporter.
  5350 | D:5      | Entered Level 5 of the Dungeon
  5635 | D:5      | Found a shimmering blue altar of Sif Muna.
  6086 | D:5      | Found a runed translucent door.
  6086 | D:5      | Noticed a human
  6088 | D:5      | Found a basalt altar of Yredelemnul.
  6137 | D:5      | Killed a human
  6749 | D:5      | Noticed Eustachio
  6760 | D:5      | Killed Eustachio
  6761 | D:5      | Reached XP level 8. HP: 61/66 MP: 10/12
  7022 | D:5      | Reached skill level 5 in Fire Magic
  8059 | D:6      | Found a staircase to the Ecumenical Temple.
  8663 | D:6      | Found a white marble altar of Elyvilon.
  8993 | Temple   | Entered the Ecumenical Temple
  9263 | Temple   | Became a worshipper of Ashenzari the Shackled
  9288 | D:7      | Reached XP level 9. HP: 73/73 MP: 11/14
  9306 | D:7      | Reached skill level 5 in Fighting
  9438 | D:7      | Found a bloodstained altar of Trog.
  9507 | D:7      | Reached skill level 6 in Fire Magic
  9573 | D:7      | Learned a level 3 spell: Conjure Flame
  9577 | D:7      | Learned a level 3 spell: Confusing Touch
  9606 | D:8      | Noticed Prince Ribbit
  9628 | D:7      | Killed Prince Ribbit
  9864 | D:8      | Found a sacrificial altar of Ru.
 10355 | D:8      | Noticed Erica
 10363 | D:8      | Killed Erica
 10364 | D:8      | Reached skill level 5 in Slings
 10424 | D:8      | Found a stormy altar of Qazlal.
 10606 | D:8      | Reached skill level 7 in Fire Magic
 10623 | D:8      | Reached skill level 5 in Spellcasting
 11082 | D:8      | Noticed a hornet
 11091 | D:8      | Killed a hornet
 11092 | D:8      | Reached XP level 10. HP: 67/84 MP: 17/17
 12685 | D:7      | Found an opulent altar of Gozag.
 12929 | D:7      | Learned a level 3 spell: Tukima's Dance
 12942 | D:7      | Found a shadowy altar of Dithmenos.
 13579 | D:9      | Acquired 752 gold pieces
 13580 | D:9      | Acquired the ring of the Scarab {rF+ Int+5}
 14153 | D:9      | Reached skill level 8 in Fire Magic
 14969 | D:9      | Found a hide-covered altar of Uskayaw.
 15001 | D:9      | Noticed a two-headed ogre
 15005 | D:9      | Killed a two-headed ogre
 15006 | D:9      | Reached skill level 9 in Fire Magic
 15291 | D:9      | Reached XP level 11. HP: 80/94 MP: 13/19
 15305 | D:9      | Reached skill level 5 in Armour
 15708 | D:9      | Found a staircase to the Lair.
 16069 | Lair:1   | Entered Level 1 of the Lair of Beasts
 16126 | Lair:1   | Noticed Fannar
 16138 | Lair:1   | Killed Fannar
 16139 | Lair:1   | Reached skill level 10 in Fire Magic
 16332 | Lair:1   | Noticed Grum
 16343 | Lair:1   | Killed Grum
 16888 | Lair:1   | Noticed Joseph
 16892 | Lair:1   | Reached skill level 5 in Hexes
 16899 | Lair:1   | Killed Joseph
 17937 | Lair:2   | Noticed a five-headed hydra
 17941 | Lair:2   | Killed a five-headed hydra
 18297 | Lair:2   | Reached XP level 12. HP: 91/104 MP: 15/20
 18383 | Lair:2   | Reached skill level 11 in Fire Magic
 18730 | Lair:2   | Found a staircase to the Shoals.
 19380 | Lair:3   | Noticed Nergalle
 19380 | Lair:3   | Noticed an eight-headed hydra
 19389 | Lair:3   | Killed an eight-headed hydra
 19422 | Lair:3   | Killed from afar by Nergalle

Illustrated notes

Levels and vault maps discovered:
D:1:      dpeg_arrival_refuge, layout_rooms, hellmonk_ecumenical_altar_lost_god,
          item_on_display_a
D:2:      layout_basic, basic_altar
D:3:      layout_basic, minivault_11
D:4:      layout_loops_ring, doesnt_xom_only_xom, gammafunk_ghost_arena
D:5:      lemuel_ice_spiral_2, layout_basic, dk_yredelemnul_ordeal,
          lemuel_doored_altar, uniq_eustachio
D:6:      layout_loops_corners, lemuel_tele_altar, minmay_temple_entry_hall,
          chequers_serial_rivers_micro_b
D:7:      layout_loops_ring, mainiacjoe_overflow_large_starburst,
          mainiacjoe_overflow_cross_hatched, enter_bailey_5
D:8:      layout_gridville, mainiacjoe_overflow_catwalk,
          nicolae_ru_the_path_less_chosen, uniq_prince_ribbit1, uniq_erica
D:9:      layout_roguey, mainiacjoe_overflow_surrounded_room,
          grunt_lair_entry_orc_guard_hut
Temple:   hc_temple_tempest_star
Lair:1:   layout_regular_city, st_stairs_10, uniq_grum, uniq_joseph, uniq_fannar
Lair:2:   layout_cave_shapes, minmay_shoals_entry_beasts
Lair:3:   layout_cave_pods, chequers_serial_rivers_marsh, uniq_nergalle

Skill      XL: |  1  2  3  4  5  6  7  8  9 10 11 12 |
---------------+-------------------------------------+-----
Fighting       | 1 2 3 4 6 8 9 |  9.7
Armour         | 1 2 3 4 6 |  6.7
Slings         | 1 2 3 4 5 6 |  6.7
Fire Magic     | 4 5 7 9 10 11 | 11.5
Spellcasting   | 2 3 5 |  5.5
Hexes          | 1 2 3 4 6 7 |  7.2
Stealth        | 2 |  2.4
Conjurations   | 2 3 |  3.0
Dodging        | 2 4 |  4.5

Action                   |  1- 3 |  4- 6 |  7- 9 | 10-12 || total
-------------------------+-------+-------+-------+-------++-------
 Fire: Hunting sling     |    42 |    58 |    91 |    30 ||   221
Throw: Boomerang         |       |       |       |     1 ||     1
 Cast: Foxfire           |    47 |    21 |    98 |   176 ||   342
       Inner Flame       |       |       |    34 |    83 ||   117
       Slow              |       |       |     1 |     3 ||     4
       Confusing Touch   |       |       |       |     4 ||     4
       Tukima's Dance    |       |       |       |     1 ||     1
Evoke: Wand              |       |       |       |     3 ||     3
  Use: Scroll            |     1 |       |       |     5 ||     6
       Potion            |       |       |     2 |     6 ||     8
Armor: Leather armour    |     3 |     4 |    16 |    24 ||    47
Dodge: Dodged            |     7 |     6 |    30 |    75 ||   118
